 Dungeon Crawl Stone Soup version 0.30-a0-643-g638baaf3f0 (webtiles) character file.

Game seed: 6027483800946182050

261 Citaku the Covered (level 5, -9/47 HPs)
             Began as a Minotaur Fighter on Jan 16, 2023.
             Mangled by an ogre
             ... wielding a +0 giant spiked club
              (28 damage)
             ... on level 4 of the Dungeon.
             The game lasted 00:02:57 (2161 turns).

Citaku the Covered (Minotaur Fighter)               Turns: 2161, Time: 00:02:58

Health: -9/47      AC:  7    Str: 23    XL:     5   Next: 96%
Magic:  4/4        EV:  9    Int:  5    God:
Gold:   209        SH:  4    Dex:  9    Spells: 4/4 levels left

rFire   . . .      SeeInvis .    a - +0 war axe
rCold   + . .      Faith    .    c - +0 buckler
rNeg    . . .      Spirit   .    b - +0 scale mail
rPois   .          Reflect  .    (helmet restricted)
rElec   .          Harm     .    o - scarf {repulsion}
rCorr   .          Rampage  .    (no gloves)
Will    .....                    (no boots) Stlth
                                 g - amulet of regeneration
HPRegen 1.07/turn                r - ring of protection from cold
MPRegen 0.09/turn                (no ring)

@: mighty, repel missiles
A: horns 2, retaliatory headbutt
a: no special abilities


You were on level 4 of the Dungeon.
You visited 1 branch of the dungeon, and saw 4 of its levels.

You collected 209 gold pieces.

Inventory:

Hand Weapons
 a - a +0 war axe (weapon)
Armour
 b - a +0 scale mail (worn)
 c - a +0 buckler (worn)
 o - a scarf of repulsion (worn)
Jewellery
 g - an amulet of regeneration (around neck)
 r - a ring of protection from cold (left hand)
Scrolls
 f - 8 scrolls of identify {unknown}
 h - a scroll of immolation {unknown}
 n - a scroll of noise {unknown}
 p - a scroll of fog {unknown}
 s - a scroll of teleportation {unknown}
 t - a scroll of blinking {unknown}
Potions
 e - a potion of heal wounds {unknown}
 i - a potion of curing {unknown}
 j - a potion of degeneration {unknown}
 k - a potion of magic {unknown}
 l - a potion of experience {unknown}
 m - a potion of mutation {unknown}
 q - 2 potions of brilliance {unknown}
 u - a potion of berserk rage {unknown}


   Skills:
 + Level 4.7 Fighting
 * Level 4.7 Axes
 * Level 5.5 Armour
 + Level 4.5 Shields


You had 4 spell levels left.
You didn't know any spells.
Your spell library was empty.

Dungeon Overview and Level Annotations

Branches:
Dungeon (4/15)
 Temple: D:4-7

Altars:
Cheibriados
Ru

Annotations:
D:4 Robin


Innate Abilities, Weirdness & Mutations

You have a pair of horns on your head.
You reflexively headbutt those who attack you in melee.


Message History

You hit the goblin. You hit the ogre.
A giant cockroach comes into view.
The goblin closely misses you. You furiously retaliate!
You headbutt the goblin!
You kill the goblin!
You block the orc's attack.
The ogre hits you with a +0 giant spiked club!
A goblin comes into view. It is wielding a +0 club.
The orc attacks as you move away! The orc barely misses you.
Robin throws the goblin at you!
You barely miss the goblin. You hit the orc.
You kill the orc!
You hit the hobgoblin. The goblin hits you but does no damage.
The hobgoblin hits you.
You barely miss the goblin. You hit the hobgoblin.
You kill the hobgoblin!
You slash the hobgoblin!
You kill the hobgoblin!
Robin zaps a wand.
The roots erupt in riotous growth!
The goblin is unaffected.
The ogre is unaffected.
The giant cockroach is unaffected.
The grasping roots grab you! The grasping roots constrict you.
You block the goblin's attack. x2
The goblin hits you but does no damage. The grasping roots constrict you.
You block the giant cockroach's attack.
You hit the goblin but do no damage. You slash the goblin!
You kill the goblin!
You hit the giant cockroach.
You kill the giant cockroach!
You block the goblin's attack. The grasping roots constrict you.
The ogre hits you with a +0 giant spiked club!
The grasping roots release their grip on you.
You hit the goblin.
The goblin is severely wounded.
You closely miss the hobgoblin. You hit the ogre.
You block the goblin's attack. The hobgoblin hits you.
You feel very mighty all of a sudden. The goblin hits you but does no damage.
The ogre hits you with a +0 giant spiked club!!
Ouch! That really hurt!
You die...

# #.# #.#
#.# #.# #.#
#.# #.# #
#g#
####.##@#
#....)gO#
#.##ggg...#
#..#####
...g .....
.......
#######


You could see an ogre, Robin, a hobgoblin (strong) and 4 goblins.

Vanquished Creatures
  An orc priest (D:3)
  Natasha (thrice) (D:2)
  An orc wizard (D:3)
  A gnoll (D:1)
  4 adders
  2 worms
  4 dart slugs
  5 orcs
  5 ball pythons
  2 endoplasms (D:1)
  6 giant cockroaches
  3 goblins (D:4)
  6 hobgoblins
  6 jackals
  3 quokkas
  4 bats
  2 frilled lizards (D:2)
  7 kobolds
  6 rats
71 creatures vanquished.

Notes
Turn   | Place    | Note
-------+----------+-------------------------------------------
     0 | D:1      | Citaku the Minotaur Fighter began the quest for the Orb.
     0 | D:1      | Reached XP level 1. HP: 19/19 MP: 0/0
   224 | D:1      | Reached skill level 4 in Armour
   224 | D:1      | Reached XP level 2. HP: 27/27 MP: 1/1
   580 | D:1      | Reached XP level 3. HP: 33/33 MP: 2/2
   667 | D:2      | Noticed Natasha
   672 | D:2      | Killed Natasha
   788 | D:2      | Noticed Natasha
   789 | D:2      | Reached XP level 4. HP: 40/40 MP: 3/3
   797 | D:2      | Found a snail-covered altar of Cheibriados.
   831 | D:2      | Killed Natasha
   838 | D:2      | Noticed Natasha
   846 | D:2      | Killed Natasha
  1067 | D:2      | Reached XP level 5. HP: 47/47 MP: 4/4
  1199 | D:2      | Reached skill level 5 in Armour
  1512 | D:3      | Found a sacrificial altar of Ru.
  2150 | D:4      | Noticed an ogre
  2151 | D:4      | Identified the +0 helmet of Magic {Rampage Dex+4}
  2151 | D:4      | Noticed Robin
  2161 | D:4      | Mangled by an ogre

Illustrated notes

Levels and vault maps discovered:
D:1:      onia_arrival_pentagram, layout_loops_ring, nicolae_grassy_gnolls
D:2:      layout_basic, basic_altar, uniq_natasha
D:3:      layout_basic, lemuel_round_altar, serial_curves, eino_curves_03,
          eino_curves_01
D:4:      layout_basic, hangedman_abyss_or_decor_lesser_grid, uniq_edmund,
          uniq_robin

Skill      XL: |  1  2  3  4  5 |
---------------+----------------+-----
Axes           | 3 4 |  4.7
Armour         | 4 5 |  5.5
Fighting       | 4 |  4.7
Shields        | 4 |  4.5

Action                   |  1- 3 |  4- 6 || total
-------------------------+-------+-------++-------
Melee: War axe           |    38 |   105 ||   143
       Headbutt          |     6 |    12 ||    18
  Use: Potion            |       |     1 ||     1
Armor: Scale mail        |    15 |    57 ||    72
Dodge: Dodged            |    18 |    48 ||    66
       Repelled          |       |     2 ||     2
Block: Buckler           |    12 |    21 ||    33

Table legend: (Time is in decaauts)
 A = Elapsed time spent in this place.
 B = Non-inter-level travel time spent in this place.
 C = Inter-level travel time spent in this place.
 D = Time resting spent in this place.
 E = Time spent auto-exploring this place.
 F = Levels seen in this place.
 G = Mean time per level.
                   A        B        C        D        E       F      G
               +--------+--------+--------+--------+--------+-----+--------+
         Total |   2238 |   2165 |     73 |      0 |   1755 |   4 |  559.5 |
       Dungeon |   2238 |   2165 |     73 |      0 |   1755 |   4 |  559.5 |
               +--------+--------+--------+--------+--------+-----+--------+

Top non-repeatable levels by time:
     D:2: 826 daAuts
     D:3: 758 daAuts
     D:1: 620 daAuts
     D:4: 32 daAuts
